 Dungeon Crawl Stone Soup version 0.30-a0-782-ge64f9170bb (webtiles) character file.

Game seed: 2113853689513207866

917 theswoord the Chopper (level 7, 0/50 HPs)
             Began as a Demonspawn Gladiator on Feb 22, 2023.
             Was a Priest of Lugonu.
             Slain by a gnoll sergeant
             ... wielding a +3 spear of freezing
              (1 damage)
             ... on level 5 of the Dungeon.
             The game lasted 00:05:02 (3896 turns).

theswoord the Chopper (Demonspawn Gladiator)        Turns: 3896, Time: 00:05:03

Health: 0/50       AC:  9    Str: 15    XL:     7   Next: 83%
Magic:  10/10      EV:  8    Int: 17    God:    Lugonu [***...]
Gold:   274        SH:  0    Dex: 12    Spells: 6/6 levels left

rFire   . . .      SeeInvis .    a - +0 war axe
rCold   . . .      Faith    .    (no shield)
rNeg    . . .      Spirit   .    g - +0 chain mail
rPois   +          Reflect  .    c - +0 helmet
rElec   .          Harm     .    (no cloak)
rCorr   .          Rampage  .    (no gloves)
Will    .....                    (no boots) Stlth
                                 (no amulet)
HPRegen 0.28/turn                k - ring of poison resistance
MPRegen 0.12/turn                (no ring)

@: no status effects
A: hooves 1, demonic magic 1, clever 2, sturdy frame 1
a: Renounce Religion, Depart the Abyss, Banish


You were on level 5 of the Dungeon.
You worshipped Lugonu.
Lugonu was most pleased with you.
You visited 1 branch of the dungeon, and saw 5 of its levels.

You collected 274 gold pieces.

Inventory:

Hand Weapons
 a - a +0 war axe (weapon)
 j - a +0 whip
Missiles
 d - 3 throwing nets
 e - a javelin
Armour
 b - a +0 leather armour
 c - a +0 helmet (worn)
 g - a +0 chain mail (worn)
 r - a +0 pair of gloves
Jewellery
 k - a ring of poison resistance (left hand)
Wands
 p - a wand of roots (6)
Scrolls
 q - a scroll of teleportation
Potions
 f - 2 potions of degeneration
 h - 2 potions of flight
 i - a potion of berserk rage
 l - 2 potions of heal wounds
 m - a potion of mutation
 n - 2 potions of resistance
 o - a potion of curing


   Skills:
 - Level 2.0 Fighting
 + Level 7.8 Axes
 - Level 1.7 Throwing
 - Level 2.6 Dodging
 + Level 5.0 Invocations


You had 6 spell levels left.
You didn't know any spells.
Your spell library was empty.

Dungeon Overview and Level Annotations

Branches:
Dungeon (5/15)
 Temple: D:4-7

Altars:
Gozag
Okawaru
Sif Muna
Trog
Uskayaw
Vehumet
Lugonu

Shops:
D:1 (   D:5 =

Annotations:
D:3 3 runed translucent doors, HoaS's ghost, amateur GrHu
D:4 1 runed translucent door, theswoord's ghost, amateur DsGl


Innate Abilities, Weirdness & Mutations

You have large cloven feet.
Spells you cast may paralyse adjacent enemies.
Your mind is very acute. (Int +8, Str/Dex -2)
Your movements are slightly less encumbered by armour. (ER -2)


Message History

Lugonu accepts your kill.
You closely miss the gnoll.
The orc drinks a potion.
The orc seems to speed up.
The gnoll sergeant hits you from afar with a +3 spear of freezing.
The gnoll sergeant freezes you. The gnoll barely misses you.
You slash the gnoll! The gnoll hits you with a +0 flail.
The gnoll sergeant barely misses you.
You closely miss the gnoll. You kick the gnoll, but do no damage.
The gnoll hits you with a +0 flail.
The gnoll sergeant hits you from afar with a +3 spear of freezing!
* * * LOW HITPOINT WARNING * * *
The gnoll sergeant freezes you.
* * * LOW HITPOINT WARNING * * *
You hit the gnoll but do no damage. You hit the orc but do no damage.
The orc hits you but does no damage. The gnoll hits you with a +0 flail.
* * * LOW HITPOINT WARNING * * *
The gnoll sergeant hits you from afar with a +3 spear of freezing.
* * * LOW HITPOINT WARNING * * *
The gnoll sergeant freezes you.
* * * LOW HITPOINT WARNING * * *
The orc hits you but does no damage.
You barely miss the gnoll. You hit the orc but do no damage.
The orc hits you but does no damage. The gnoll barely misses you.
The gnoll sergeant hits you from afar with a +3 spear of freezing.
* * * LOW HITPOINT WARNING * * *
The gnoll sergeant freezes you.
* * * LOW HITPOINT WARNING * * *
You closely miss the gnoll. Your kick misses the gnoll.
You hit the orc but do no damage. The orc hits you with a +0 club.
* * * LOW HITPOINT WARNING * * *
The gnoll hits you with a +0 flail.
* * * LOW HITPOINT WARNING * * *
The gnoll sergeant closely misses you. The orc hits you but does no damage.
You slash the gnoll!
You kill the gnoll!
Lugonu accepts your kill.
You hit the orc but do no damage. The orc hits you but does no damage.
The gnoll sergeant hits you from afar with a +3 spear of freezing.
* * * LOW HITPOINT WARNING * * *
The gnoll sergeant freezes you.
You die...

.#......###
.........###. #.#
............. #.#
.##....#### #.# .
.####...##### #.## ..
.##...#.....####..###.##
#####...###.†.##....)...
# ##### ###..#).......
## ##..@og..... .#
##.....#### ## #######


You could see a gnoll sergeant and an orc (fast).

Vanquished Creatures
  A water moccasin (D:5)
  A black bear (D:5)
  An ice beast (D:5)
  2 scorpions
  A howler monkey (D:5)
  A jelly (D:4)
  5 hounds
  A gnoll bouda (D:5)
  11 gnolls (D:5)
  6 adders
  An ufetubus (D:5)
  2 dart slugs
  4 orcs
  4 ball pythons
  2 bats
  5 endoplasms
  8 giant cockroaches
  5 goblins
  10 hobgoblins
  15 jackals
  7 kobolds
  A quokka (D:1)
  2 frilled lizards
  7 rats
103 creatures vanquished.

Vanquished Creatures (others)
  5 demonic plants (D:1)
  2 fungi (D:1)
  A withered plant (D:1)
8 creatures vanquished.

Grand Total: 111 creatures vanquished

Notes
Turn   | Place    | Note
-------+----------+-------------------------------------------
     0 | D:1      | theswoord the Demonspawn Gladiator began the quest for the
                  | Orb.
     0 | D:1      | Reached XP level 1. HP: 16/16 MP: 1/1
    22 | D:1      | Found Qesmucho's Weapon Boutique.
    34 | D:1      | Reached skill level 3 in Axes
    95 | D:1      | Gained mutation: You have large cloven feet. [demonic
                  | ancestry]
    95 | D:1      | Reached XP level 2. HP: 22/22 MP: 2/2
   143 | D:1      | Found a faded altar of an unknown god.
   155 | D:1      | Prayed at the altar of an unknown god.
   155 | D:1      | Became a worshipper of Lugonu the Unformed
   155 | D:1      | Reached * piety under Lugonu
   247 | D:1      | Reached XP level 3. HP: 17/27 MP: 3/3
   421 | D:1      | Reached skill level 4 in Axes
   984 | D:2      | Found a radiant altar of Vehumet.
  1475 | D:3      | Reached XP level 4. HP: 33/33 MP: 4/4
  1478 | D:3      | Found an iron altar of Okawaru.
  1484 | D:3      | Found a shimmering blue altar of Sif Muna.
  1484 | D:3      | Found a bloodstained altar of Trog.
  1499 | D:3      | Noticed HoaS's ghost (amateur GrHu)
  1566 | D:3      | Found a runed translucent gate.
  1566 | D:3      | Found a runed translucent gate.
  1566 | D:3      | Found a runed translucent gate.
  1605 | D:3      | Noticed a scorpion
  1615 | D:3      | Killed a scorpion
  1615 | D:3      | Reached ** piety under Lugonu
  1616 | D:3      | Reached skill level 5 in Axes
  2007 | D:3      | Reached XP level 5. HP: 38/38 MP: 5/5
  2622 | D:4      | Found a runed translucent door.
  2622 | D:4      | Noticed theswoord's ghost (amateur DsGl)
  2669 | D:4      | Reached skill level 6 in Axes
  2675 | D:4      | Reached XP level 6. HP: 23/44 MP: 6/6
  2953 | D:4      | Found a hide-covered altar of Uskayaw.
  3137 | D:5      | Entered Level 5 of the Dungeon
  3172 | D:5      | Noticed an ice beast
  3184 | D:5      | Killed an ice beast
  3185 | D:5      | Reached skill level 7 in Axes
  3185 | D:5      | Reached skill level 1 in Invocations
  3210 | D:5      | Gained mutation: Spells you cast may paralyse adjacent
                  | enemies. [demonic ancestry]
  3210 | D:5      | Reached XP level 7. HP: 18/50 MP: 8/8
  3261 | D:5      | Gained mutation: Your mind is acute. (Int +4, Str/Dex -1)
                  | [potion of mutation]
  3261 | D:5      | Gained mutation: Your mind is very acute. (Int +8, Str/Dex
                  | -2) [potion of mutation]
  3261 | D:5      | Gained mutation: Your movements are slightly less
                  | encumbered by armour. (ER -2) [potion of mutation]
  3600 | D:5      | Found an opulent altar of Gozag.
  3696 | D:5      | Reached *** piety under Lugonu
  3706 | D:5      | Found Kovarez's Jewellery Boutique.
  3883 | D:5      | Reached skill level 5 in Invocations
  3896 | D:5      | HP: 1/50 [gnoll sergeant/+3 spear of freezing (3)]
  3896 | D:5      | Slain by a gnoll sergeant

Skill      XL: |  1  2  3  4  5  6  7 |
---------------+----------------------+-----
Axes           | 3 4 5 6 7 |  7.8
Invocations    | 2 5 |  5.0
Fighting       | |  2.0
Throwing       | |  1.7
Dodging        | |  2.6

Action                     |  1- 3 |  4- 6 |  7- 9 || total
---------------------------+-------+-------+-------++-------
  Melee: War axe           |    91 |   105 |   100 ||   296
         Kick              |    12 |    21 |    28 ||    61
         Punch             |       |       |     1 ||     1
    Use: Scroll            |     1 |    10 |       ||    11
         Potion            |       |     2 |     2 ||     4
 Armour: Leather armour    |    23 |       |       ||    23
         Chain mail        |       |    69 |    62 ||   131
  Dodge: Dodged            |    66 |    54 |    57 ||   177

Levels and vault maps discovered:
D:1:      spicycebolla_arrival_xxxplode, layout_basic, serial_shops, shop,
          shapermc_ecumenical_altar_gd
D:2:      layout_loops_ring, basic_altar
D:3:      layout_basic, chequers_temple_overflow_statue_of_worship,
          gammafunk_ghost_icy
D:4:      layout_cave_pools, nicolae_uskayaw_suspiria,
          hellmonk_ghost_happy_afterlife, st_stairs_13, grunt_decor_resistance
D:5:      layout_cave_pools, mainiacjoe_overflow_24_doors, serial_gnoll_camp,
          gnoll_camp_mini_house, gnoll_camp_mini_basic, gnoll_camp_mini_shop,
          gnoll_camp_mini_hut, gnoll_camp_mini_basic, gnoll_camp_mini_doghouse
